 Dungeon Crawl Stone Soup version 0.30-a0-719-gcc4359ea44 (webtiles) character file.

Game seed: 11785334970458672903

30237 NinjaNoafa the Thaumaturge (level 13, -13/76 HPs)
             Began as a Gargoyle Earth Elementalist on Jan 26, 2023.
             Was a High Priest of Vehumet.
             Killed from afar by a lindwurm (32 damage)
             ... with a blast of flame
             ... summoned by Kirke
             ... on level 2 of the Lair of Beasts.
             The game lasted 01:06:40 (21677 turns).

NinjaNoafa the Thaumaturge (GrEE)                  Turns: 21677, Time: 01:06:41

Health: -13/76     AC:  0    Str: 12    XL:     13   Next: 50%
Magic:  9/25       EV: 15    Int: 21    God:    Vehumet [*****.]
Gold:   450        SH:  0    Dex: 10    Spells: 1/29 levels left

rFire   . . .      SeeInvis .    (weapon currently unavailable)
rCold   . . .      Faith    +    (shield currently unavailable)
rNeg    + . .      Spirit   .    (body armour currently unavailable)
rPois   ∞          Reflect  .    (helmet currently unavailable)
rElec   .          Harm     .    (cloak currently unavailable)
rCorr   .          Rampage  .    (gloves currently unavailable)
Will    .....                    (boots currently unavailable)
Stlth   +++                      s - amulet of faith
HPRegen 1.12/turn                (ring currently unavailable)
MPRegen 0.19/turn                (ring currently unavailable)

@: about to teleport, pig-form, very slightly contaminated, very quick
A: fast, no casting, sickness immunity, AC +9, small, negative energy resistance
1, (electricity resistance), torment resistance 1, petrification resistance,
(claws 1), (hooves 1), regeneration 1, MP-powered wands
a: Renounce Religion


You were on level 2 of the Lair of Beasts.
You worshipped Vehumet.
Vehumet was extremely pleased with you.
You were a filthy swine.
You visited 3 branches of the dungeon, and saw 16 of its levels.
You also visited: Ossuary.

You collected 1170 gold pieces.
You spent 720 gold pieces at shops.

Inventory:

Hand Weapons
 z - a +2 flail of protection
 H - a +2 mace of venom
 J - the +7 dagger of Departure (melded) {flame, rC+ rN+ Str+4 Dex-4}
   (You found it on level 6 of the Dungeon)

   Str:       It affects your strength (+4).
   Dex:       It affects your dexterity (-4).
   rC:        It protects you from cold.
   rN:        It protects you from negative energy.
 S - a +5 morningstar of protection
Missiles
 e - a throwing net
 p - 42 poisoned darts
 B - 15 javelins
 N - 3 atropa-tipped darts
 P - 4 silver javelins
 R - a boomerang
Armour
 b - +1 acid dragon scales (melded)
 m - a +2 pair of boots (melded)
 q - a +0 pair of gloves (melded)
 r - a +0 helmet (melded)
 y - a +0 cloak (melded)
 E - a scarf of harm
 M - a +0 buckler (melded)
Jewellery
 s - an amulet of faith (around neck)
 x - an amulet of regeneration
 Q - a ring of see invisible (melded)
Wands
 l - a wand of mindburst (5)
 w - a wand of paralysis (7)
 K - a wand of polymorph (21)
 O - a wand of roots (4)
Scrolls
 j - 3 scrolls of silence {unknown}
 k - 2 scrolls of magic mapping
 u - 2 scrolls of poison
 v - 3 scrolls of fog
 C - a scroll of brand weapon {unknown}
 D - 3 scrolls of immolation
 I - 2 scrolls of torment
 L - a scroll of fear {unknown}
 T - a scroll of vulnerability {unknown}
Potions
 c - 9 potions of curing
 d - 4 potions of resistance
 g - 6 potions of heal wounds
 h - 6 potions of haste
 i - 4 potions of might
 o - 3 potions of brilliance
 t - 10 potions of flight
 A - 3 potions of lignification
 F - 5 potions of attraction
 G - 5 potions of invisibility


   Skills:
 - Level 7.0 Fighting
 - Level 1.7 Maces & Flails
 - Level 7.0 Armour
 - Level 5.0 Dodging
 - Level 6.0 Stealth
 - Level 6.0 Shields
 + Level 8.6 Spellcasting
 - Level 8.0 Conjurations
 + Level 6.9 Hexes
 - Level 6.0 Translocations
 + Level 7.4 Transmutations
 - Level 8.0 Earth Magic


You had one spell level left.
You knew the following spells:

 Your Spells              Type           Power      Damage    Failure   Level
a - Sandblast             Erth           84%        2d18      1%          1
b - Passwall              Tmut/Erth      34%        N/A       1%          2
c - Stone Arrow           Conj/Erth      84%        3d12      1%          3
d - Irradiate             Conj/Tmut      20%        3d18      2%          5
e - Petrify               Tmut/Erth      41%        N/A       3%          4
f - Fulminant Prism       Conj/Hex       20%        3d12      1%          4
g - Leda's Liquefaction   Hex/Erth       20%        N/A       3%          4
h - Lee's Rapid Deconstr  Erth           21%        3d12*     2%          5

Your spell library contained the following spells:

 Spells                   Type           Power      Damage    Failure   Level
 Beastly Appendage        Tmut           80%        N/A       1%          1
 Shock                    Conj/Air       100%       1d9       1%          1
 Sting                    Tmut/Pois      96%        1d7       1%          1
 Wereblood                Tmut           40%        N/A       1%          2
 Dazzling Flash           Conj/Hex       80%        N/A       1%          3
 Hailstorm                Conj/Ice       25%        3d7       1%          3
 Iskenderun's Mystic Bla  Conj/Tloc      38%        2d9       1%          4
 Poisonous Vapours        Pois/Air       18%        N/A       3%          2
 Spider Form              Tmut/Pois      24%        N/A       4%          3
 Ice Form                 Ice/Tmut       24%        N/A       16%         4
 Airstrike                Air            4%         2d(1-17)  19%         4
 Olgreb's Toxic Radiance  Pois           9%         N/A       19%         4
 Swiftness                Air            9%         N/A       22%         3
 Starburst                Conj/Fire      12%        6d5       45%         6
 Simulacrum               Ice/Necr       4%         N/A       100%        6
 Statue Form              Tmut/Erth      Unusable   N/A       N/A         6

Dungeon Overview and Level Annotations

Branches:
Dungeon (12/15)            Temple (1/1) D:7            Lair (3/5) D:9
  Swamp (0/4) Lair:2        Snake (0/4) Lair:3          Orc (0/2) D:11
Ossuary (visited)

Altars:
Ashenzari
Cheibriados
Dithmenos
Elyvilon
Fedhas
Gozag
Hepliaklqana
Kikubaaqudgha
Makhleb
Nemelex Xobeh
Okawaru
Qazlal
Ru
Sif Muna
Trog
Uskayaw
Vehumet
Wu Jian
Xom
Yredelemnul
Zin
The Shining One

Shops:
D:3 *   D:4 !

Annotations:
Lair:2 Kirke


Innate Abilities, Weirdness & Mutations

You are a filthy swine.
You move quickly.
Your equipment is almost entirely melded.
You are incapable of wielding weapons or throwing items.
You cannot cast spells.
You are immune to sickness and miasma.
((Your stone body is resilient. (AC +9)))
You are immune to poison.
You resist negative energy. (rN+)
((You are resistant to electric shocks. (rElec)))
You are resistant to unholy torment.
You are immune to petrification.
((You have sharp fingernails.))
((You have large cloven feet.))
Your natural rate of healing is unusually fast.
You expend magic power (3 MP) to strengthen your wands.


Message History

You feel frail.
You occasionally lose the ability to drink potions when taking damage.
Really quaff the potion of mutation?
You feel extremely strange.
You feel robust.
You no longer become unable to drink potions after taking damage.
You feel your magical essence link to the dungeon's wands.
Your feet thicken and deform.
Your fingernails lengthen.
You begin to heal more quickly.
The manticore is engulfed in poison gas.
The manticore is poisoned.
You feel much better.
Okay, then.
Aiming: Mindburst
Press: ? - help, Shift-Dir - straight line, f - lindwurm
Aim: a lindwurm (poison gas, summoned, chance to affect: 54%)
You feel a surge of power!
The lindwurm resists with significant effort.
The lindwurm is engulfed in poison gas.
The lindwurm is poisoned.
The lindwurm breathes flames at you. The blast of flame hits you!!
* * * LOW HITPOINT WARNING * * *
You feel much better.
The lindwurm is engulfed in poison gas.
The lindwurm looks even sicker.
As you read the scroll of teleportation, it crumbles to dust.
You feel strangely unstable.
The lindwurm looks even sicker.
The lindwurm bites you. The lindwurm claws you.
* * * LOW HITPOINT WARNING * * *
The lindwurm claws you!
* * * LOW HITPOINT WARNING * * *
You hit the lindwurm but do no damage.
The lindwurm is moderately wounded.
The lindwurm is engulfed in poison gas.
The lindwurm looks as sick as possible!
The lindwurm bites you!
* * * LOW HITPOINT WARNING * * *
The lindwurm misses you. The lindwurm barely misses you.
The lindwurm looks as sick as possible!
The lindwurm breathes flames at you. The blast of flame hits you!!
You die...

....#
♣§§§§.♣♣♣♣.~.............
...##
♣§§§§..♣♣................
..##
♣♣♣§§..♣....~............
..#
♣♣♣♣...~.♣♣♣..........#
### ♣♣♣♣♣♣♣♣...........#
# #### ##.....##..##
#☼P#########..##.##...#
#☼○○☼○§○°§###.##.##....
#☼§°☼§h○§§###.##..#....
#§☼§§☼§.k○##.........).
#§#######§§#...........
### #.☼§§§.........
######..☼°§○........
#P.##..#.○§§..#..P..
##.........#..##P... #
#.........†...##..( #
##..#.#...†@.....>..


You could see a lindwurm (summoned, extremely poisoned, catching breath).

Vanquished Creatures
  A ghost crab (Lair:2)
  A hydra (Lair:3)
  4 two-headed ogres
  A boulder beetle (Lair:1)
  6 death yaks (D:9)
  A skeletal warrior (D:12)
  An ugly thing (D:12)
  3 cyclopes
  An elephant (Lair:3)
  A black mamba (Lair:1)
  2 gargoyles
  Maggie (D:8)
  2 cane toads
  Psyche (D:8)
  A rime drake (Lair:1)
  2 kobold demonologists (D:12)
  7 komodo dragons
  2 trolls
  A hornet (D:8)
  2 polar bears (Lair:3)
  Prince Ribbit (D:5)
  8 blink frogs
  Grinder (D:4)
  A slime creature (D:12)
  2 vampires
  A wyvern (D:8)
  2 basilisks (Lair:1)
  A wraith (D:11)
  18 yaks
  3 hogs (Lair:2)
  A spectral komodo dragon (Lair:2)
  A vampire mosquito (D:12)
  Menkaure (D:4)
  Edmund (D:5)
  A spectral cane toad (Lair:2)
  A warg (D:8)
  Duvessa (D:6)
  11 water moccasins
  An acid dragon (D:12)
  3 orc warriors
  A sky beast (D:8)
  A spectral yak (Lair:2)
  2 ice beasts (D:7)
  4 black bears
  4 centaurs
  5 wolves (Lair:3)
  7 ogres
  2 kobold brigands (D:8)
  A phantom (D:5)
  3 gnoll sergeants
  14 bullfrogs
  A spectral water moccasin (Lair:2)
  A necrophage (D:6)
  2 wyvern zombies (Ossuary)
  4 scorpions
  Dowan (D:6)
  5 killer bees (D:8)
  An electric eel (Lair:2)
  5 howler monkeys
  6 bullfrog zombies (Ossuary)
  6 centaur zombies (Ossuary)
  12 hounds
  9 orc priests
  4 gnoll boudas
  2 jellies
  14 mummies (Ossuary)
  9 orc wizards
  An iguana (D:5)
  2 killer bee zombies (Ossuary)
  21 gnolls
  A howler monkey zombie (Ossuary)
  7 adders
  15 white imps
  An ufetubus (D:6)
  2 worms
  4 dart slugs
  45 orcs
  A bat zombie (D:9)
  13 endoplasms
  8 goblins
  6 hobgoblins
  4 quokkas
  4 ball pythons
  4 bats
  6 frilled lizards
  11 kobolds
  7 rats
  A fulminant prism (D:8)
391 creatures vanquished.

Vanquished Creatures (others)
  31 fulminant prisms
  15 fungi
  41 plants
  5 withered plants (Ossuary)
92 creatures vanquished.

Grand Total: 483 creatures vanquished

Notes
Turn   | Place    | Note
-------+----------+-------------------------------------------
     0 | D:1      | NinjaNoafa the Gargoyle Earth Elementalist began the quest
                  | for the Orb.
     0 | D:1      | Reached XP level 1. HP: 10/10 MP: 3/3
   179 | D:1      | Reached XP level 2. HP: 15/15 MP: 3/5
   620 | D:2      | Reached XP level 3. HP: 15/19 MP: 2/6
  1339 | D:2      | Reached XP level 4. HP: 24/24 MP: 3/8
  1853 | D:3      | Learned a level 2 spell: Passwall
  1871 | D:3      | Reached XP level 5. HP: 28/28 MP: 5/10
  1907 | D:3      | Found a radiant altar of Vehumet.
  1918 | D:3      | Became a worshipper of Vehumet
  2158 | D:3      | Found a faded altar of an unknown god.
  2253 | D:3      | Found a broken altar of Ashenzari.
  2457 | D:3      | Reached skill level 1 in Transmutations
  2593 | D:3      | Found Nemeed's General Store.
  2981 | D:3      | Found an opulent altar of Gozag.
  3052 | D:4      | Found Peoqeril's Distillery.
  3054 | D:4      | Noticed Grinder
  3056 | D:4      | Bought a potion of degeneration for 14 gold pieces
  3056 | D:4      | Bought a potion of curing for 42 gold pieces
  3056 | D:4      | Bought a potion of haste for 140 gold pieces
  3068 | D:4      | Killed Grinder
  3069 | D:4      | Reached XP level 6. HP: 28/32 MP: 6/12
  3073 | D:4      | Learned a level 3 spell: Stone Arrow
  3124 | D:4      | Reached skill level 1 in Conjurations
  3274 | D:4      | Noticed Menkaure
  3276 | D:4      | Killed Menkaure
  3277 | D:4      | Reached XP level 7. HP: 36/36 MP: 10/13
  3709 | D:4      | You fall into a shaft and drop 3 floors!
  3806 | D:7      | Found a staircase to the Ecumenical Temple.
  3848 | D:7      | Reached skill level 5 in Earth Magic
  4078 | D:7      | Reached * piety under Vehumet
  4078 | D:7      | Offered knowledge of Kiss of Death by Vehumet.
  4079 | D:7      | Reached XP level 8. HP: 41/41 MP: 11/15
  4137 | D:7      | Reached skill level 5 in Spellcasting
  4497 | Temple   | Entered the Ecumenical Temple
  4780 | D:7      | Found a sparkling altar of Nemelex Xobeh.
  5341 | D:5      | Entered Level 5 of the Dungeon
  5599 | D:5      | Found a glowing silver altar of Zin.
  5599 | D:5      | Noticed an angel
  5633 | D:5      | Found a sand-covered staircase.
  5641 | Ossuary  | Entered an ossuary
  5677 | Ossuary  | Reached XP level 9. HP: 45/45 MP: 9/17
  5682 | Ossuary  | Learned a level 4 spell: Petrify
  5719 | Ossuary  | Reached skill level 5 in Transmutations
  5723 | Ossuary  | Reached skill level 5 in Conjurations
  5757 | Ossuary  | Reached ** piety under Vehumet
  5757 | Ossuary  | Offered knowledge of Freeze by Vehumet.
  6322 | D:5      | Found a glowing golden altar of the Shining One.
  6335 | D:5      | Noticed Prince Ribbit
  6338 | D:5      | Noticed Edmund
  6346 | D:5      | Killed Edmund
  6350 | D:5      | Killed Prince Ribbit
  6807 | D:5      | Offered knowledge of Scorch by Vehumet.
  7174 | D:3      | Bought a scroll of torment for 104 gold pieces
  7493 | D:6      | Upgraded the game from 0.30-a0-718-geaa24f58ff to
                  | 0.30-a0-719-gcc4359ea44
  7538 | D:6      | Identified the +7 dagger of Departure {flame, rC+ rN+ Str+4
                  | Dex-4}
  7590 | D:6      | Reached XP level 10. HP: 50/50 MP: 11/20
  7590 | D:6      | Reached *** piety under Vehumet
  7689 | D:6      | Noticed Dowan
  7691 | D:6      | Noticed Duvessa
  7692 | D:6      | Killed Dowan
  7703 | D:6      | Killed Duvessa
  8318 | D:8      | Reached skill level 1 in Armour
  8323 | D:8      | Learned a level 4 spell: Iskenderun's Mystic Blast
  8375 | D:8      | Found a blossoming altar of Fedhas.
  8390 | D:8      | Reached skill level 1 in Fighting
  8608 | D:8      | Offered knowledge of Fulminant Prism by Vehumet.
  8722 | D:8      | Learned a level 4 spell: Fulminant Prism
  9325 | D:8      | Reached skill level 1 in Hexes
  9325 | D:8      | Reached skill level 1 in Translocations
  9425 | D:8      | Noticed Maggie
  9445 | D:8      | Reached **** piety under Vehumet
  9449 | D:8      | Killed Maggie
  9450 | D:8      | Reached skill level 1 in Shields
  9455 | D:8      | Offered knowledge of Lightning Bolt by Vehumet.
  9681 | D:8      | Reached XP level 11. HP: 48/60 MP: 0/21
  9961 | D:8      | Noticed a cyclops
  9993 | D:8      | Killed a cyclops
 10452 | D:8      | Noticed Psyche
 10499 | D:8      | Killed Psyche
 10807 | D:9      | Found an iron altar of Okawaru.
 10830 | D:9      | Found a sacrificial altar of Ru.
 10866 | D:9      | Found a shadowy altar of Dithmenos.
 11398 | D:4      | Bought a potion of attraction for 42 gold pieces
 11398 | D:4      | Bought a potion of lignification for 42 gold pieces
 11559 | D:9      | Found a burning altar of Makhleb.
 11570 | D:9      | Found a hide-covered altar of Uskayaw.
 11661 | D:9      | Found a staircase to the Lair.
 11760 | D:9      | Identified the +3 hand axe of Hacking and Slashing {spect,
                  | Str+3}
 11969 | D:9      | Found an ancient bone altar of Kikubaaqudgha.
 12026 | D:10     | Entered Level 10 of the Dungeon
 12178 | D:10     | Noticed a two-headed ogre
 12190 | D:10     | Killed a two-headed ogre
 12191 | D:10     | Reached skill level 5 in Armour
 12444 | D:10     | Reached ***** piety under Vehumet
 12444 | D:10     | Offered knowledge of Arcjolt by Vehumet.
 12445 | D:10     | Reached skill level 5 in Fighting
 12808 | D:11     | Noticed a cyclops
 12823 | D:11     | Killed a cyclops
 13733 | D:11     | Reached skill level 5 in Shields
 13740 | D:11     | Reached skill level 5 in Stealth
 13810 | D:11     | Found a staircase to the Orcish Mines.
 14155 | D:12     | Noticed a manticore
 14253 | D:11     | Noticed a two-headed ogre
 14338 | D:11     | Killed a two-headed ogre
 14720 | D:12     | Reached skill level 5 in Dodging
 14955 | D:12     | Noticed a six-headed hydra
 14958 | D:12     | Noticed a skeletal warrior
 15080 | D:12     | Reached XP level 12. HP: 68/68 MP: 14/23
 15285 | D:12     | Noticed a two-headed ogre
 15427 | Lair:1   | Entered Level 1 of the Lair of Beasts
 15428 | Lair:1   | Noticed a death yak
 15428 | Lair:1   | Noticed a death yak
 15428 | Lair:1   | Noticed a death yak
 15430 | Lair:1   | Noticed a death yak
 15431 | Lair:1   | Noticed a death yak
 15431 | Lair:1   | Noticed a death yak
 15504 | D:9      | Killed a death yak
 15842 | D:9      | Killed a death yak
 15846 | D:9      | Killed a death yak
 15960 | D:9      | Learned a level 4 spell: Leda's Liquefaction
 16065 | D:9      | Killed a death yak
 16172 | D:9      | Killed a death yak
 16224 | D:9      | Killed a death yak
 16497 | D:11     | Learned a level 5 spell: Lee's Rapid Deconstruction
 16527 | D:12     | Killed a two-headed ogre
 16528 | D:12     | Reached skill level 5 in Hexes
 16528 | D:12     | Reached skill level 5 in Translocations
 16704 | D:12     | Noticed a two-headed ogre
 16780 | D:11     | Killed a two-headed ogre
 17195 | D:12     | Noticed a fire dragon
 17198 | D:12     | Noticed a two-headed ogre
 17199 | D:12     | Noticed a two-headed ogre
 17202 | D:12     | Noticed a fire dragon
 17202 | D:12     | Noticed a two-headed ogre
 18210 | D:4      | Bought 3 potions of invisibility for 336 gold pieces
 18901 | Lair:1   | Reached XP level 13. HP: 45/74 MP: 2/25
 19456 | Lair:1   | Reached skill level 1 in Maces & Flails
 20093 | Lair:2   | Offered knowledge of Irradiate by Vehumet.
 20101 | Lair:2   | Learned a level 5 spell: Irradiate
 20330 | Lair:2   | Identified the +0 quarterstaff of the Chewing Gods {drain,
                  | Str+3 Dex+5}
 20846 | Lair:2   | Found a staircase to the Swamp.
 21657 | Lair:3   | Noticed Kirke
 21657 | Lair:3   | Found a staircase to the Snake Pit.
 21664 | Lair:2   | HP: 3/76 [manticore[Kirke] (2)]
 21669 | Lair:2   | Gained mutation: You are frail. (-10% HP) [potion of
                  | mutation]
 21669 | Lair:2   | Gained mutation: You occasionally lose the ability to drink
                  | potions when taking damage. [potion of mutation]
 21670 | Lair:2   | Lost mutation: You are frail. (-10% HP) [potion of
                  | mutation]
 21670 | Lair:2   | Lost mutation: You occasionally lose the ability to drink
                  | potions when taking damage. [potion of mutation]
 21670 | Lair:2   | Gained mutation: You expend magic power (3 MP) to
                  | strengthen your wands. [potion of mutation]
 21670 | Lair:2   | Gained mutation: You have large cloven feet. [potion of
                  | mutation]
 21670 | Lair:2   | Gained mutation: You have sharp fingernails. [potion of
                  | mutation]
 21670 | Lair:2   | Gained mutation: Your natural rate of healing is unusually
                  | fast. [potion of mutation]
 21677 | Lair:2   | Killed from afar by a lindwurm

Illustrated notes

Levels and vault maps discovered:
D:1:      saegor_arrival_miasma, layout_basic
D:2:      layout_basic, serial_forest, infiniplex_forest_clump_C,
          infiniplex_forest_clump_double, infiniplex_forest_clump_diagonal,
          infiniplex_forest_corner_1, infiniplex_forest_lined_room_3,
          minmay_distorted
D:3:      minmay_door_path, layout_basic, amcnicky_altar_gilded,
          nicolae_overflow_crystal_walls,
          nicolae_gozag_cash_rules_everything_around_me, serial_shops,
          nicolae_square_shop, hellmonk_ecumenical_altar_lost_god
D:4:      layout_loops_ring, serial_shops, nicolae_stop_n_shop_1, uniq_menkaure,
          uniq_grinder
D:5:      nicolae_BIG_FREAKIN_CUBE, layout_loops_ring, tso_oasis_becter,
          zin_angel, nicolae_ossuary_entry_monument, mumra_transporter_accident,
          kennysheep_potato, uniq_prince_ribbit1, uniq_edmund
D:6:      layout_cave_pools, serial_rivers, chequers_serial_rivers_micro_c,
          chequers_serial_rivers_micro_a, chequers_serial_rivers_marsh,
          chequers_serial_rivers_small_a, chequers_serial_rivers_small_b,
          uniq_duvessa
D:7:      layout_gridville, nemelex_dance_club_becter
D:8:      lemuel_castle_with_subvaults [lemuel_castle_interior_carwin_1],
          layout_gridville, fedhas_ov_isle_minmay, uniq_psyche, uniq_maggie
D:9:      layout_basic, bloody_makhleb, kennysheep_okawaru_gauntlet,
          mainiacjoe_overflow_tiny_flanked, lemuel_zombie_altar_kikubaaqudgha,
          mainiacjoe_overflow_24_doors, lemuel_doored_altar, lair_entry_dummy
D:10:     layout_roguey
D:11:     layout_loops_corners, hiddenorc1_lemuel
D:12:     minmay_the_grid_octo_tiled_octocenter [minmay_the_grid_octo_77,
          minmay_the_grid_octo_fan_narrow, minmay_the_grid_octo_chip,
          minmay_the_grid_octo_clover, minmay_the_grid_octo_prize_star,
          minmay_the_grid_square_5x5_hourglass,
          minmay_the_grid_square_5x5_inset,
          minmay_the_grid_square_5x5_beaten_path,
          minmay_the_grid_square_5x5_slash], layout_basic,
          nicolae_trove_entry_crystal, evilmike_butchery, uniq_nessos,
          uniq_rupert
Temple:   nicolae_temple_figure_zero
Lair:1:   layout_small_grid, portal_ice_cave_entry_imps, serial_bayou_shore_b
Lair:2:   layout_gridlike, nicolae_swamp_entry_spooky, patterned_corridor,
          grunt_megastairs_2, serial_bayou_shore_a, infiniplex_staircase_pool_2
Lair:3:   layout_gridlike, nicolae_snake_entry_warm_welcome, st_stairs_5,
          uniq_kirke

Skill      XL: |  1  2  3  4  5  6  7  8  9 10 11 12 13 |
---------------+----------------------------------------+-----
Stealth        | 3 4 6 |  6.0
Spellcasting   | 3 4 5 7 8 |  8.6
Transmutations | 3 4 6 7 |  7.4
Earth Magic    | 4 5 6 7 8 |  8.0
Conjurations   | 1 3 4 7 8 |  8.0
Armour         | 3 5 7 |  7.0
Dodging        | 3 5 |  5.0
Fighting       | 3 5 6 7 |  7.0
Hexes          | 2 3 6 |  6.9
Translocations | 2 3 6 |  6.0
Shields        | 2 5 6 |  6.0
Maces & Flails | 1 |  1.7

Action                     |  1- 3 |  4- 6 |  7- 9 | 10-12 | 13-15 || total
---------------------------+-------+-------+-------+-------+-------++-------
  Melee: Short sword       |     6 |     6 |    15 |       |       ||    27
         Flail             |       |       |     8 |       |       ||     8
         Mace              |       |       |     3 |       |       ||     3
         Dagger            |       |       |       |    71 |       ||    71
         Unarmed           |       |       |       |     5 |     1 ||     6
         Morningstar       |       |       |       |    44 |    27 ||    71
   Cast: Sandblast         |    43 |    66 |   157 |    89 |     5 ||   360
         Passwall          |       |     1 |     3 |    11 |       ||    15
         Stone Arrow       |       |     1 |    41 |   182 |    89 ||   313
         Petrify           |       |       |     1 |    25 |     3 ||    29
         Iskenderun's Myst |       |       |       |    96 |     4 ||   100
         Fulminant Prism   |       |       |       |    28 |     4 ||    32
         Lee's Rapid Decon |       |       |       |     8 |     4 ||    12
         Leda's Liquefacti |       |       |       |     2 |       ||     2
         Irradiate         |       |       |       |       |    11 ||    11
  Evoke: Wand              |       |     3 |       |     8 |     1 ||    12
    Use: Scroll            |       |       |     1 |    25 |     4 ||    30
         Potion            |       |       |       |     7 |     5 ||    12
   Stab: Paralysed         |       |     2 |       |     4 |       ||     6
         Petrified         |       |       |       |    27 |       ||    27
         Petrifying        |       |       |       |     1 |       ||     1
 Armour: Robe              |    11 |    16 |    88 |    45 |       ||   160
         Acid dragon scale |       |       |       |   153 |    65 ||   218
  Dodge: Dodged            |     7 |    23 |    85 |   182 |    63 ||   360
  Block: Buckler           |       |       |       |    63 |    22 ||    85

Table legend: (Time is in decaauts)
 A = Elapsed time spent in this place.
 B = Non-inter-level travel time spent in this place.
 C = Inter-level travel time spent in this place.
 D = Time resting spent in this place.
 E = Time spent auto-exploring this place.
 F = Levels seen in this place.
 G = Mean time per level.
                   A        B        C        D        E       F      G
               +--------+--------+--------+--------+--------+-----+--------+
         Total |  22015 |  19601 |   2414 |    224 |  15739 |  17 | 1295.0 |
       Dungeon |  17165 |  14918 |   2247 |    217 |  11835 |  12 | 1430.4 |
        Temple |    136 |    126 |     10 |      0 |    124 |   1 |  136.0 |
          Lair |   4097 |   3941 |    156 |      7 |   3372 |   3 | 1365.7 |
       Ossuary |    616 |    616 |      0 |      0 |    407 |   1 |  616.0 |
               +--------+--------+--------+--------+--------+-----+--------+

Top non-repeatable levels by time:
     D:8: 2471 daAuts
    D:11: 2388 daAuts
     D:9: 2264 daAuts
  Lair:2: 2021 daAuts
     D:7: 1738 daAuts
  Lair:1: 1702 daAuts
     D:3: 1604 daAuts
     D:2: 1299 daAuts
     D:5: 1221 daAuts
    D:12: 963 daAuts
     D:4: 949 daAuts
    D:10: 842 daAuts
     D:6: 839 daAuts
 Ossuary: 616 daAuts
     D:1: 580 daAuts
